 Dungeon Crawl Stone Soup version 0.24.0-13-gcf9b319 (webtiles) character file.

Game seed: 8413958332358083315, levelgen mode: deterministic

6517 sanboga the Blocker (level 11, -11/63 HPs)
             Began as a Gargoyle Fighter on Jan 2, 2020.
             Was a Believer of Hepliaklqana.
             Killed by the air
             ... invoked by Gastronok
              (29 damage)
             ... on level 9 of the Dungeon.
             The game lasted 00:13:56 (7069 turns).

sanboga the Blocker (Gargoyle Fighter)              Turns: 7069, Time: 00:13:56

Health: -11/63     AC: 27    Str: 22    XL:     11   Next: 0%
Magic:  14/14      EV:  6    Int: 10    God:    Hepliaklqana [**....]
Gold:   440        SH: 12    Dex:  9    Spells: 10/10 levels left

rFire    + . .     SeeInvis .   a - +6 war axe (freeze)
rCold    + . .     Gourm    .   c - +0 shield
rNeg     + . .     Faith    .   v - +0 plate armour
rPois    ∞         Spirit   .   t - +1 helmet
rElec    +         Reflect  .   (no cloak)
rCorr    +         Harm     .   h - +0 pair of gloves
MR       .....                  m - +0 pair of boots
Stlth    ..........             p - amulet of rage
HPRegen  0.20/turn              k - ring of protection from fire
MPRegen  0.14/turn              e - ring of resist corrosion

@: about to teleport
A: reduced essence, rugged brown scales 1, cold resistance 1, negative energy
resistance 1, sense surroundings 1, electricity resistance, unbreathing,
petrification resistance, rot immunity, sturdy frame 1, AC +8
a: Recall Ancestor, Ancestor Identity, Renounce Religion, Evoke Berserk Rage


You were on level 9 of the Dungeon.
You worshipped Hepliaklqana.
Hepliaklqana was pleased with you.
You were not hungry.

You visited 2 branches of the dungeon, and saw 10 of its levels.

You collected 440 gold pieces.

Inventory:

Hand Weapons
 a - a +6 war axe of freezing (weapon)
Armour
 c - a +0 shield (worn)
 h - a +0 pair of gloves (worn)
 m - a +0 pair of boots (worn)
 t - a +1 helmet (worn)
 v - a +0 plate armour (worn)
Jewellery
 e - a ring of resist corrosion (right hand)
 k - a ring of protection from fire (left hand)
 p - an amulet of rage (around neck)
 r - an uncursed ring of fire
 w - an uncursed ring of ice
 x - an uncursed ring of see invisible
Wands
 l - a wand of disintegration (17)
 s - a wand of flame (15)
Scrolls
 d - 2 scrolls of enchant armour
 j - 6 scrolls of remove curse
 n - a scroll of identify
Potions
 b - a potion of might
 g - 2 potions of degeneration {unknown}
 o - a potion of heal wounds
 u - a potion of berserk rage {unknown}
 z - a potion of invisibility {unknown}
Comestibles
 f - 13 rations
 A - 15 chunks of flesh


   Skills:
 + Level 7.7 Fighting
 * Level 8.5 Axes
 + Level 7.9 Armour
 * Level 10.4 Shields
 + Level 4.6 Invocations


You had 10 spell levels left.
You didn't know any spells.
Your spell library contained the following spells:

 Spells                   Type           Power        Failure   Level  Hunger
 Animate Skeleton         Necr           N/A          99%         1    ##.....
 Pain                     Necr           #...         99%         1    ##.....
 Summon Small Mammal      Summ           #...         99%         1    ##.....
 Call Imp                 Summ           #.......     100%        2    ###....
 Call Canine Familiar     Summ           #.......     100%        3    ####...
 Regeneration             Chrm/Necr      #.........   100%        3    ####...
 Summon Guardian Golem    Hex/Summ       #.......     100%        3    ####...
 Vampiric Draining        Necr           #.........   100%        3    ####...
 Animate Dead             Necr           N/A          100%        4    #####..
 Summon Ice Beast         Ice/Summ       #.......     100%        4    #####..
 Summon Lightning Spire   Summ/Air       #.......     100%        4    #####..


Dungeon Overview and Level Annotations

Branches:
Dungeon (9/15)             Temple (1/1) D:6
   Lair: D:8-11         Orc: D:9-12

Altars:
Ashenzari
Cheibriados
Dithmenos
Elyvilon
Fedhas
Gozag
Hepliaklqana
Kikubaaqudgha
Makhleb
Nemelex Xobeh
Okawaru
Qazlal
Ru
Sif Muna
Trog
Uskayaw
Vehumet
Wu Jian
Xom
Yredelemnul
Zin
The Shining One

Shops:
D:6 *}

Annotations:
D:9 Gastronok


Innate Abilities, Weirdness & Mutations

You are resistant to torment.
Your stone body is resilient. (AC +8)
You are immune to poison.
You resist negative energy. (rN+)
You are resistant to electric shocks. (rElec)
You can survive without breathing.
You are immune to petrification.
You are immune to rotting.
Your life essence is reduced to manifest your ancestor. (-10% HP)
You are partially covered in rugged brown scales. (AC +1, +3% HP)
Your flesh is cold resistant. (rC+)
You passively map a small area around you.
Your movements are slightly less encumbered by armour. (ER -2)


Message History

The orc closely misses the big kobold.
There is an open door here.
The orc priest invokes the aid of Beogh against you.
Beogh smites you!
* * * LOW HITPOINT WARNING * * *
Fang gestures at the orc while chanting.
The big kobold resists with some effort.
You close the door.
You feel better.
A big kobold opens the door.
You feel better.
The orc priest mumbles some strange prayers to Beogh against you.
Beogh smites you!
* * * LOW HITPOINT WARNING * * *
Fang barely misses the big kobold.
As you read the scroll of teleportation, it crumbles to dust.
You feel strangely unstable.
The orc priest casts a cantrip, but nothing happens.
Gastronok waves his eye-stalks in wide circles.
The air twists around and strikes you!!
You die...

#..........##.####
#.###......##....)
#.# #......#######
#.# #.....>+......
* #.#
###....######.
,#.#####....# ##
#,#$.........# #
#.###R)....... #
#..@oK)...... ####
#####..o.....
,+... #........
,,#### #...w....
#........
#...w.... *
#........ .......,
, , , ,


You could see the friendly Fang the hexer, Gastronok, a big kobold, an orc
priest and an orc (confused).

Vanquished Creatures
  Harold (D:7)
  A two-headed ogre (D:8)
  Pikel (D:7)
  A hornet (D:8)
  Grinder (D:3)
  A hippogriff (D:8)
  Sigmund (D:2)
  3 yaks (D:9)
  Duvessa (D:4)
  2 water moccasins
  2 ice beasts
  A phantom (D:7)
  An orc warrior (D:8)
  A black bear (D:7)
  3 slaves (D:7)
  An eye of draining (D:8)
  4 centaurs
  A crocodile (D:9)
  A wyvern zombie (D:6)
  2 bullfrogs
  Dowan (D:4)
  5 killer bees (D:8)
  3 wights (D:7)
  A howler monkey (D:8)
  5 crimson imps
  4 hounds
  3 quasits
  A centaur skeleton (D:7)
  3 jellies
  An orc priest (D:6)
  2 iguanas
  8 orc wizards
  5 worker ants
  A killer bee zombie (D:6)
  A hound zombie (D:7)
  A worker ant zombie (D:5)
  12 gnolls
  A howler monkey skeleton (D:6)
  18 adders
  2 oozes
  An adder skeleton (D:5)
  3 worms
  5 dart slugs
  4 leopard geckos
  25 orcs
  11 bats
  7 giant cockroaches
  8 goblins
  7 hobgoblins
  13 jackals
  5 quokkas
  2 ball pythons
  5 frilled lizards
  10 kobolds
  A leopard gecko zombie (D:8)
  2 quokka skeletons
  7 rats
224 creatures vanquished.

Vanquished Creatures (collateral kills)
  2 ogres
  A wight (D:7)
  An orc priest (D:8)
  An adder (D:7)
  An orc (D:9)
6 creatures vanquished.

Vanquished Creatures (others)
  An orc wizard (D:5)
  3 ancestors
  4 toadstools (D:1)
8 creatures vanquished.

Grand Total: 238 creatures vanquished

Notes
Turn   | Place    | Note
-------+----------+-------------------------------------------
     0 | D:1      | sanboga the Gargoyle Fighter began the quest for the Orb.
     0 | D:1      | Reached XP level 1. HP: 14/14 MP: 1/1
   116 | D:1      | Reached XP level 2. HP: 16/19 MP: 2/2
   182 | D:1      | Reached XP level 3. HP: 23/23 MP: 3/3
   624 | D:1      | Reached skill level 4 in Shields
   873 | D:2      | Reached XP level 4. HP: 29/29 MP: 4/4
   901 | D:2      | Noticed Sigmund
   907 | D:2      | Killed Sigmund
   907 | D:2      | Reached XP level 5. HP: 26/33 MP: 5/5
   999 | D:2      | Reached XP level 6. HP: 38/38 MP: 6/6
  1582 | D:2      | Gained mutation: Your flesh is cold resistant. (rC+)
                  | [potion of mutation]
  1582 | D:2      | Gained mutation: Your movements are slightly less
                  | encumbered by armour. (ER -2) [potion of mutation]
  1582 | D:2      | Gained mutation: You passively map a small area around you.
                  | [potion of mutation]
  1582 | D:2      | Gained mutation: You are partially covered in rugged brown
                  | scales. (AC +1, +3% HP) [potion of mutation]
  1631 | D:3      | Reached skill level 5 in Shields
  2081 | D:3      | Noticed Grinder
  2084 | D:3      | Paralysed by Grinder for 7 turns
  2100 | D:3      | Killed Grinder
  2100 | D:3      | Reached XP level 7. HP: 36/45 MP: 7/7
  2541 | D:4      | Noticed Dowan
  2541 | D:4      | Noticed Duvessa
  2558 | D:4      | Killed Dowan
  2560 | D:4      | Killed Duvessa
  2560 | D:4      | Reached skill level 6 in Shields
  2692 | D:4      | Reached skill level 5 in Fighting
  2692 | D:4      | Reached skill level 5 in Armour
  2966 | D:5      | Entered Level 5 of the Dungeon
  3051 | D:5      | Reached XP level 8. HP: 42/50 MP: 8/8
  3052 | D:5      | Reached skill level 5 in Axes
  3549 | D:6      | Reached skill level 7 in Shields
  4019 | D:6      | Found a staircase to the Ecumenical Temple.
  4062 | Temple   | Entered the Ecumenical Temple
  4251 | Temple   | Became a worshipper of Hepliaklqana the Forgotten
  4313 | D:6      | Found Tonel's Serpentskin Sales.
  4326 | D:6      | Reached XP level 9. HP: 48/51 MP: 9/9
  4381 | D:6      | Found Foudelui's Gadget Emporium.
  4416 | D:6      | Found a blossoming altar of Fedhas.
  4510 | D:6      | Reached skill level 8 in Shields
  5040 | D:7      | Reached skill level 1 in Invocations
  5136 | D:7      | Noticed Harold
  5172 | D:7      | Killed Harold
  5205 | D:7      | Reached skill level 9 in Shields
  5271 | D:7      | Reached * piety under Hepliaklqana
  5335 | D:7      | Noticed Pikel
  5350 | D:7      | Killed Pikel
  5350 | D:7      | Reached XP level 10. HP: 45/58 MP: 12/12
  5728 | D:7      | Found a bloodstained altar of Trog.
  5945 | D:8      | Noticed a two-headed ogre
  5952 | D:8      | Killed a two-headed ogre
  6191 | D:8      | Reached skill level 10 in Shields
  6663 | D:8      | Reached ** piety under Hepliaklqana
  6664 | D:8      | Remembered your ancestor Fang as a hexer
  7061 | D:9      | Noticed Gastronok
  7063 | D:9      | Reached XP level 11. HP: 35/63 MP: 14/14
  7069 | D:9      | Killed from afar by Gastronok

Levels and vault maps discovered:
D:1:      ldierk_walled_garden_2, layout_basic, st_stairs_14,
          minmay_pentomino_x4
D:2:      layout_basic, uniq_sigmund
D:3:      layout_loops_cross, uniq_grinder
D:4:      layout_gridville, uniq_duvessa
D:5:      layout_cave_pools, first_ration, corexii_leaking_fountain,
          grunt_tough_drop
D:6:      layout_basic, kennysheep_mini_moat, minmay_temple_entry_crystal_x,
          serial_shops, nicolae_shop_competitors_out_of_business,
          guppyfry_shop_venom
D:7:      layout_cave_pods, trog_book, uniq_pikel, uniq_harold
D:8:      layout_loops_ring, minmay_misc_feat_alley
D:9:      layout_basic, hangedman_pestilent_swarm, lemuel_altar_in_water,
          uniq_gastronok, uniq_prince_ribbit1
Temple:   nicolae_temple_the_god_donut

Skill      XL: |  1  2  3  4  5  6  7  8  9 10 |
---------------+-------------------------------+-----
Axes           | 2 3 4 6 7 8 |  8.5
Shields        | 4 5 6 7 9 10 | 10.4
Fighting       | 4 5 6 7 |  7.7
Armour         | 4 5 6 7 |  7.9
Invocations    | 3 4 |  4.6

Action                   |  1- 3 |  4- 6 |  7- 9 | 10-12 || total
-------------------------+-------+-------+-------+-------++-------
Melee: War axe           |    75 |   171 |   390 |   161 ||   797
Invok: Ancestor Identity |       |       |     2 |       ||     2
       Ancestor Life: He |       |       |       |     1 ||     1
  Use: Scroll            |     4 |     1 |     7 |     1 ||    13
       Potion            |     1 |     4 |     3 |     2 ||    10
 Stab: Distracted        |       |     1 |       |     2 ||     3
  Eat: Chunk             |       |     4 |    12 |     2 ||    18
       Ration            |       |       |       |     1 ||     1
Armor: Scale mail        |    64 |    71 |     7 |       ||   142
       Chain mail        |       |       |   277 |    40 ||   317
       Plate armour      |       |       |       |    45 ||    45
Dodge: Dodged            |    30 |    52 |   124 |    38 ||   244
Block: Shield            |    54 |   123 |   306 |    95 ||   578
